 Dungeon Crawl Stone Soup version 0.18.1-5-g4a78601 (webtiles) character file.

2285 epen the Ducker (level 9, -2/68 HPs)
             Began as a Demonspawn Gladiator on May 13, 2016.
             Was a Believer of Makhleb.
             Killed by the air
             ... invoked by Gastronok
              (33 damage)
             ... on level 8 of the Dungeon.
             The game lasted 00:14:59 (7422 turns).

epen the Ducker (Demonspawn Gladiator)              Turns: 7422, Time: 00:15:00

Health: -2/68      AC:  7    Str: 18    XL:     9   Next: 17%
Magic:  0/9        EV: 17    Int:  9    God:    Makhleb [**....]
Gold:   220        SH:  5    Dex: 17    Spells: 0 memorised, 8 levels left

rFire  + + .     SeeInvis .     s - +3 short sword (speed)
rCold  + . .     Gourm    .     u - +1 scale mail {MR+}
rNeg   . . .     Faith    .     t - +0 buckler
rPois  .         Spirit   +     (helmet restricted)
rElec  .         Dismiss  .     h - +1 cloak
rCorr  .         Reflect  .     (no gloves)
SustAt .         Harm     .     (no boots)
MR     ++...                    o - amulet of rage
Stlth  ..........               I - ring of protection from cold
                                C - +3 ring of evasion

@: lethally poisoned (-2 -> -3), very slightly contaminated, very resistant to
hostile enchantments, extremely unstealthy
A: antennae 1, claws 2, talons 2, agile 1, blurry vision 1, deformed body, fire
resistance 2, magic resistance 1, magic shield
a: Minor Destruction, Renounce Religion, Evoke Berserk Rage


You were on level 8 of the Dungeon.
You worshipped Makhleb.
Makhleb was pleased with you.
You were not hungry.

You visited 2 branches of the dungeon, and saw 9 of its levels.

You collected 286 gold pieces.
You spent 66 gold pieces at shops.

Inventory:

Hand Weapons
 a - a +0 long sword
 s - a +3 short sword of speed (weapon)
Missiles
 d - 4 throwing nets (quivered)
Armour
 b - a +0 leather armour
 h - a +1 cloak (worn)
 l - a +0 helmet
 t - a +0 buckler (worn)
 u - a +1 scale mail of magic resistance (worn)
 J - a +0 plate armour
Jewellery
 o - an amulet of rage (around neck)
 C - a +3 ring of evasion (left claw)
 I - a ring of protection from cold (right claw)
 L - an uncursed ring of magical power
Wands
 n - a wand of slowing (14/48)
 v - a wand of flame (31/48)
 y - a wand of flame (22/48)
 F - a wand of hasting (2/9)
 H - a wand of disintegration (10/24)
Scrolls
 e - 5 scrolls of remove curse
 g - 2 scrolls of identify
 k - 4 scrolls of teleportation
 x - 2 scrolls of enchant armour
 A - 2 scrolls of magic mapping
 B - a scroll of blinking
 E - 4 scrolls of amnesia
 G - a scroll of enchant weapon
 K - a scroll of immolation {unknown}
Potions
 c - 2 potions of resistance
 i - a potion of magic
 j - 4 potions of brilliance
 m - a potion of flight
 p - 3 potions of lignification
 q - 3 potions of berserk rage
 w - 3 potions of ambrosia
 z - 3 potions of agility
Comestibles
 f - 11 bread rations
 r - 5 meat rations
 D - a royal jelly


   Skills:
 + Level 5.1 Fighting
 * Level 6.5 Long Blades
 - Level 1.7 Throwing
 + Level 3.8 Armour
 * Level 6.9 Dodging
 + Level 3.5 Shields


You had 8 spell levels left.
You didn't know any spells.

Dungeon Overview and Level Annotations

Branches:
Dungeon (8/15)             Temple (1/1) D:5
   Lair: D:8-11

Altars:
Ashenzari
Cheibriados
Elyvilon
Fedhas
Kikubaaqudgha
Makhleb
Okawaru
Pakellas
Sif Muna
Trog
Zin
The Shining One

Shops:
D:4 ?

Annotations:
D:3 protoss039's ghost, amateur HEFi
D:8 Gastronok


Innate Abilities, Weirdness & Mutations

You have a pair of small antennae on your head.
You have very sharp fingernails.
You have razor-sharp toenails.
Your flesh is very heat resistant.
When hurt, damage is shared between your health and your magic reserves.
You are agile. (Dex +2)
Scrolls take you a little longer to read.
Armour fits poorly on your strangely shaped body.
You are resistant to hostile enchantments.


Message History

The giant frog is almost dead.
You block the giant frog's attack.
Your scale mail prevents you from hitting the giant frog.
You claw the giant frog.
The giant frog is almost dead.
You block the giant frog's attack.
You puncture the giant frog!
You kill the giant frog!
Makhleb accepts your kill.
You feel better.
No target in view!
You feel sick.
You see here a giant frog corpse.
You butcher the giant frog corpse.
You see here 3 chunks of flesh.
Eat one of 3 chunks of flesh? (ye/n/q/i?) This raw flesh tastes terrible.
Gastronok waves his eye-stalks in wide circles.
The air twists around and strikes you!
You die...

... #####.#+###
#.(........
#.#<.......
#.####..... #.#
#### #### #.# ...
#.###########.#####
#.@....†.w.........
#############.#####
..F ..... ......
w....y ......
......


You could see Gastronok.

Vanquished Creatures
  The ghost of IjonTichy1 the Thaumaturge, a novice DEWz of Sif Muna (D:7)
  A hippogriff (D:7)
  An orc warrior (D:6)
  A sky beast (D:6)
  2 ogres
  2 giant frogs
  4 killer bees (D:8)
  A howler monkey (D:4)
  2 crimson imps
  A giant frog zombie (D:6)
  2 hounds
  3 orc priests (D:6)
  3 centaur skeletons
  Jessica (D:2)
  Natasha (D:2)
  Terence (D:3)
  2 iguanas
  6 orc wizards
  6 worker ants
  2 hound zombies
  A hound skeleton (D:4)
  A mummy (D:7)
  A worker ant zombie (D:7)
  7 adders
  A howler monkey skeleton (D:6)
  3 oozes
  An adder skeleton (D:6)
  3 worms
  4 dart slugs
  6 giant geckos
  22 orcs
  4 bats
  8 giant cockroaches
  6 goblins
  7 hobgoblins
  6 jackals
  2 kobolds (D:3)
  4 quokkas
  2 giant gecko skeletons
  A giant gecko zombie (D:7)
  3 giant newts
  2 hobgoblin zombies (D:7)
  A kobold zombie (D:7)
  An orc zombie (D:7)
  7 rats
147 creatures vanquished.

Notes
Turn   | Place    | Note
--------------------------------------------------------------
     0 | D:1      | epen the Demonspawn Gladiator began the quest for the Orb.
     0 | D:1      | Reached XP level 1. HP: 16/16 MP: 1/1
    97 | D:1      | Gained mutation: When hurt, damage is shared between your health and your magic reserves. [demonic ancestry]
    97 | D:1      | Reached XP level 2. HP: 22/22 MP: 2/2
   307 | D:1      | Reached XP level 3. HP: 20/27 MP: 3/3
   726 | D:2      | Noticed Jessica
   734 | D:2      | Killed Jessica
   820 | D:2      | Gained mutation: You have sharp toenails. [demonic ancestry]
   820 | D:2      | Reached XP level 4. HP: 6/34 MP: 2/4
  1200 | D:2      | Reached skill level 1 in Armour
  1595 | D:2      | Reached XP level 5. HP: 37/39 MP: 5/5
  1739 | D:2      | Noticed Natasha
  1762 | D:2      | Killed Natasha
  2081 | D:3      | Noticed Terence
  2415 | D:3      | Killed Terence
  3189 | D:3      | Noticed protoss039's ghost (amateur HEFi)
  3774 | D:4      | Found Fiagulur's Magic Scroll Shop.
  3788 | D:4      | Bought a scroll of remove curse for 33 gold pieces
  3788 | D:4      | Bought a scroll of teleportation for 33 gold pieces
  3886 | D:4      | Reached skill level 1 in Shields
  3886 | D:4      | Gained mutation: You have sharp fingernails. [demonic ancestry]
  3886 | D:4      | Reached XP level 6. HP: 37/47 MP: 4/6
  4350 | D:5      | Entered Level 5 of the Dungeon
  4394 | D:5      | Gained mutation: Your flesh is heat resistant. [demonic ancestry]
  4394 | D:5      | Reached XP level 7. HP: 52/52 MP: 7/7
  4437 | D:5      | Found a staircase to the Ecumenical Temple.
  4498 | Temple   | Entered the Ecumenical Temple
  4506 | Temple   | Became a worshipper of Makhleb the Destroyer
  4800 | D:5      | Found a blossoming altar of Fedhas.
  4810 | D:5      | Found a snail-covered altar of Cheibriados.
  5213 | D:5      | Reached skill level 5 in Dodging
  5372 | D:6      | Reached skill level 5 in Long Blades
  5709 | D:6      | Gained mutation: You have a pair of small antennae on your head. [demonic ancestry]
  5709 | D:6      | Reached XP level 8. HP: 59/60 MP: 8/8
  5772 | D:6      | Reached * piety under Makhleb
  5990 | D:6      | Gained mutation: Scrolls take you a little longer to read. [mutagenic meat]
  5991 | D:6      | Gained mutation: Armour fits poorly on your strangely shaped body. [mutagenic meat]
  5992 | D:6      | Gained mutation: You have razor-sharp toenails. [mutagenic meat]
  5993 | D:6      | Gained mutation: Your flesh is very heat resistant. [mutagenic meat]
  6096 | D:6      | Gained mutation: You are agile. (Dex +2) [potion of mutation]
  6096 | D:6      | Gained mutation: You are resistant to hostile enchantments. [potion of mutation]
  6445 | D:7      | Noticed IjonTichy1's ghost (novice DEWz)
  6780 | D:7      | Killed IjonTichy1's ghost
  7171 | D:7      | Reached skill level 5 in Fighting
  7171 | D:7      | Gained mutation: You have very sharp fingernails. [demonic ancestry]
  7171 | D:7      | Reached XP level 9. HP: 58/68 MP: 7/9
  7225 | D:7      | Found an oddly glowing altar of Pakellas.
  7389 | D:8      | Noticed Gastronok
  7411 | D:8      | Reached ** piety under Makhleb
  7422 | D:8      | Killed from afar by Gastronok

Skill      XL: |  1  2  3  4  5  6  7  8 |
---------------+-------------------------+-----
Dodging        | 3 4 5 6 |  6.9
Long Blades    | 3 4 5 6 |  6.5
Armour         | 1 2 3 |  3.8
Fighting       | 3 4 5 |  5.1
Shields        | 1 2 3 |  3.5
Throwing       | |  1.7

Action                   |  1- 3 |  4- 6 |  7- 9 || total
-------------------------+-------+-------+-------++-------
Melee: Long sword        |   101 |   113 |       ||   214
       Kick              |       |   106 |   152 ||   258
       Short sword       |       |   238 |   444 ||   682
Evoke: Wand              |       |       |    13 ||    13
  Use: Scroll            |       |     1 |    17 ||    18
       Potion            |       |       |     1 ||     1
 Stab: Sleeping          |       |     1 |       ||     1
  Eat: Chunk             |       |     6 |    11 ||    17
       Meat ration       |       |     1 |       ||     1
       Royal jelly       |       |       |     1 ||     1
       Pizza             |       |       |     1 ||     1
Armor: Leather armour    |    48 |    38 |       ||    86
       Scale mail        |       |    59 |    66 ||   125
Dodge: Dodged            |   100 |   163 |   166 ||   429
Block: Buckler           |       |    31 |    38 ||    69
